 Dungeon Sprint DCSS version 0.23.2-1-ga50397a (webtiles) character file.

Game seed: 40430825156985461

1323 nuthulu the Grappler (level 8, -4/92 HPs)
             Began as a Troll Berserker on Apr 23, 2019.
             Was a High Priest of Trog.
             Slain by a catoblepas (17 damage)
             ... in the Dungeon (Sprint IX: "|||||||||||||||||||||||||||||").
             The game lasted 00:01:56 (477 turns).

nuthulu the Grappler (Troll Berserker)               Turns: 477, Time: 00:01:56

Health: -4/92      AC:  7    Str: 26    XL:     8   Next: 33%
Magic:  2/2        EV: 12    Int:  3    God:    Trog [*****.]
Gold:   14         SH:  0    Dex: 11    Spells: 7/7 levels left

rFire    . . .     SeeInvis .   p - +4 giant spiked club (antimagic)
rCold    . . .     Gourm    +   (shield currently unavailable)
rNeg     . . .     Faith    .   a - +0 animal skin
rPois    .         Spirit   .   (helmet restricted)
rElec    .         Reflect  .   m - +0 cloak
rCorr    .         Harm     .   (gloves unavailable)
MR       ++...     NoTele   +   (boots unavailable)
Stlth    +.........             (no amulet)
HPRegen  1.65/turn              n - +2 ring of evasion
MPRegen  0.08/turn              r - +3 ring of evasion

@: petrifying, berserk cooldown, regenerating, slowed, very slow
A: large, unfitting armour, claws 3, fast metabolism 3, gourmand, regeneration
1, shaggy fur 1, tough skin 3
a: Berserk, Trog's Hand, Brothers in Arms, Renounce Religion


You were in the Dungeon.
You worshipped Trog.
Trog was extremely pleased with you.
You were full.

You visited 1 branch You collected 14 gold pieces.

Inventory:

Hand Weapons
 p - a +4 antimagic giant spiked club (weapon)
Armour
 a - a +0 animal skin (worn)
 m - a +0 cloak (worn)
Jewellery
 n - a +2 ring of evasion (left claw)
 o - a +2 ring of evasion
 r - a +3 ring of evasion (right claw)
Wands
 l - a wand of acid (10)
Scrolls
 h - 2 scrolls of blinking
 k - 3 scrolls of remove curse
 s - 3 scrolls of identify
 t - 2 scrolls of fog
Potions
 c - 6 potions of curing
 d - 7 potions of heal wounds
 e - a potion of haste
 f - 4 potions of magic
 g - a potion of berserk rage
 j - a potion of invisibility
 q - a potion of agility
Comestibles
 b - 2 rations


   Skills:
 + Level 9.1 Fighting
 * Level 2.6 Maces & Flails
 + Level 9.0 Dodging
 - Level 11.5 Unarmed Combat


You had 7 spell levels left.
You didn't know any spells.
Your spell library was empty.

Dungeon Overview and Level Annotations

Branches:
Dungeon (1/1)

Altars:
Cheibriados
Dithmenos
Elyvilon
Fedhas
Gozag
Hepliaklqana
Kikubaaqudgha
Makhleb
Nemelex Xobeh
Okawaru
Qazlal
Ru
Sif Muna
Trog
Uskayaw
Vehumet
Wu Jian
Xom
Yredelemnul
Zin
The Shining One
Beogh
Jiyva
Lugonu


Innate Abilities, Weirdness & Mutations

You are too large for most types of armour.
You have claws for hands.
Your metabolism is lightning-fast.
You like to eat raw meat.
Your natural rate of healing is unusually fast.
You are covered in fur. (AC +1)
You have extremely tough skin. (AC +3)


Message History

The blast of calcifying dust hits you but does no damage.
You are engulfed in calcifying dust.
The catoblepas breathes a plume of calcifying dust at you.
The blast of calcifying dust hits you.
All of the chunks of flesh in your inventory have rotted away.
You are engulfed in calcifying dust.
The catoblepas gores you!
You turn to flesh and can move again.
Unknown command.
You completely miss the catoblepas.
You are engulfed in calcifying dust.
The catoblepas gores you but does no damage.
The catoblepas gores you! The catoblepas gores you!!
* * * LOW HITPOINT WARNING * * *
Unknown command.
Unknown command.
You hit the catoblepas.
The catoblepas is lightly wounded.
You are engulfed in calcifying dust.
You are slowing down.
The catoblepas gores you!!
You die...

▓▓▓▓▓▓▓▓▓▓▓▓▓▓▓▓▓▓▓▓▓▓▓▓▓▓▓▓▓▓▓▓▓
)...')....'______________________
▓▓▓▓▓▓▓▓▓▓▓▓▓▓▓▓▓▓▓▓▓▓▓▓▓▓▓▓▓▓▓▓▓
.................................
▓▓▓▓▓▓▓▓▓▓▓▓▓▓▓▓▓▓▓▓▓▓▓▓▓▓▓▓▓▓▓▓▓
.'......:...§..§@YHlFlYF
▓▓▓▓▓▓▓▓▓▓▓▓▓▓▓▓▓▓▓▓▓▓▓▓


You could see a catoblepas, 2 komodo dragons, a hippogriff, a yak, a spiny frog
and a bullfrog.

Vanquished Creatures
  A gargoyle (D)
  A wyvern (D)
  A steam dragon (D)
  A porcupine (D)
  An orc warrior (D)
  An ice beast (D)
  A black bear (D)
  A centaur (D)
  A big kobold (D)
  2 bullfrogs (D)
  2 crimson imps (D)
  An orc wizard (D)
  A worker ant (D)
  A gnoll (D)
  An adder (D)
  An ooze (D)
  An adder skeleton (D)
  An orc (D)
  A hobgoblin (D)
  A jackal (D)
  A kobold (D)
  A frilled lizard (D)
24 creatures vanquished.

Notes
Turn   | Place    | Note
-------+----------+-------------------------------------------
     0 | D        | nuthulu the Troll Berserker began the quest for the Orb.
     0 | D        | Reached XP level 1. HP: 22/22 MP: 0/0
     8 | D        | Reached ** piety under Trog
    11 | D        | Reached XP level 2. HP: 31/31 MP: 1/1
    23 | D        | Noticed a crimson imp
    23 | D        | Noticed a crimson imp
    26 | D        | Reached skill level 4 in Unarmed Combat
    45 | D        | Reached *** piety under Trog
    45 | D        | Reached XP level 3. HP: 21/39 MP: 2/2
    48 | D        | Reached skill level 5 in Unarmed Combat
    52 | D        | Reached XP level 4. HP: 30/49 MP: 3/3
    69 | D        | Reached **** piety under Trog
    69 | D        | Reached skill level 5 in Fighting
    69 | D        | Reached skill level 5 in Dodging
    69 | D        | Reached skill level 6 in Unarmed Combat
   105 | D        | Found a roughly hewn altar of Beogh.
   105 | D        | Found a snail-covered altar of Cheibriados.
   105 | D        | Found a shadowy altar of Dithmenos.
   105 | D        | Found a white marble altar of Elyvilon.
   105 | D        | Found a blossoming altar of Fedhas.
   105 | D        | Found an opulent altar of Gozag.
   106 | D        | Found a hazy altar of Hepliaklqana.
   107 | D        | Found a viscous altar of Jiyva.
   108 | D        | Found an ancient bone altar of Kikubaaqudgha.
   109 | D        | Found a corrupted altar of Lugonu.
   110 | D        | Found a burning altar of Makhleb.
   111 | D        | Found a sparkling altar of Nemelex Xobeh.
   112 | D        | Found an iron altar of Okawaru.
   113 | D        | Found a stormy altar of Qazlal.
   114 | D        | Found a sacrificial altar of Ru.
   115 | D        | Found a deep blue altar of Sif Muna.
   116 | D        | Found a bloodstained altar of Trog.
   117 | D        | Found a hide-covered altar of Uskayaw.
   118 | D        | Found a radiant altar of Vehumet.
   119 | D        | Found an ornate altar of the Wu Jian Council.
   120 | D        | Found a shimmering altar of Xom.
   121 | D        | Found a basalt altar of Yredelemnul.
   122 | D        | Found a glowing silver altar of Zin.
   123 | D        | Found a glowing golden altar of the Shining One.
   155 | D        | Noticed a steam dragon
   155 | D        | Noticed a centaur
   155 | D        | Noticed a bullfrog
   155 | D        | Noticed a big kobold
   166 | D        | Killed a steam dragon
   166 | D        | Reached skill level 7 in Unarmed Combat
   166 | D        | Reached XP level 5. HP: 58/61 MP: 4/4
   169 | D        | Reached XP level 6. HP: 65/68 MP: 5/5
   176 | D        | Reached ***** piety under Trog
   176 | D        | Reached skill level 8 in Unarmed Combat
   184 | D        | Reached skill level 9 in Unarmed Combat
   228 | D        | Noticed an orc warrior
   228 | D        | Noticed a wyvern
   228 | D        | Noticed a gargoyle
   228 | D        | Noticed an ice beast
   231 | D        | Killed an orc warrior
   231 | D        | Received a gift from Trog
   231 | D        | Reached XP level 7. HP: 79/79 MP: 6/6
   235 | D        | Killed a wyvern
   235 | D        | Reached skill level 10 in Unarmed Combat
   243 | D        | Killed a gargoyle
   243 | D        | Reached skill level 11 in Unarmed Combat
   243 | D        | Reached XP level 8. HP: 68/89 MP: 7/7
   454 | D        | Noticed a hippogriff
   454 | D        | Noticed a komodo dragon
   454 | D        | Noticed a komodo dragon
   456 | D        | Noticed a catoblepas
   464 | D        | Reached skill level 1 in Maces & Flails
   467 | D        | Noticed a spiny frog
   477 | D        | Slain by a catoblepas

Skill      XL: |  1  2  3  4  5  6  7  8 |
---------------+-------------------------+-----
Fighting       | 3 4 6 7 8 9 |  9.1
Dodging        | 3 4 6 7 8 9 |  9.0
Unarmed Combat | 4 5 7 9 11 | 11.5
Maces & Flails | 2 |  2.6

Action                   |  1- 3 |  4- 6 |  7- 9 || total
-------------------------+-------+-------+-------++-------
Melee: Unarmed           |    30 |    24 |    17 ||    71
       Giant spiked club |       |       |    11 ||    11
Invok: Berserk           |       |     1 |     1 ||     2
       Trog's Hand       |       |     1 |     1 ||     2
  Use: Potion            |       |     2 |       ||     2
  Eat: Chunk             |       |     9 |     1 ||    10
Armor: Animal skin       |    15 |     9 |     3 ||    27
Dodge: Dodged            |    14 |    15 |    23 ||    52
